 Dungeon Crawl Stone Soup version 0.27-a0-828-g8289197e94 (webtiles) character file.

Game seed: 6073839255710417697

1590 robertstho the Shooter (level 8, -11/58 HPs)
             Began as a Djinni Fire Elementalist on Mar 30, 2021.
             Mangled by a wight
             ... wielding a +6 battleaxe
              (13 damage)
             ... on level 7 of the Dungeon.
             The game lasted 00:08:12 (5068 turns).

robertstho the Shooter (Djinni Fire Elementalist)   Turns: 5068, Time: 00:08:13

Health: -11/58     AC: 12    Str: 11    XL:     8   Next: 92%
Gold:   275        EV: 13    Int: 19    God:
                   SH:  0    Dex: 14

rFire    + + .     SeeInvis .   b - +5 longbow "Sulor" {speed, Str+4}
rCold    x . .     Faith    .   (shield currently unavailable)
rNeg     . . .     Spirit   .   a - +0 robe
rPois    ∞         Reflect  .   (no helmet)
rElec    .         Harm     .   q - +1 cloak
rCorr    .         Rampage  .   (no gloves)
Will     .....                  (boots unavailable)
Stlth    ++........             (no amulet)
HPRegen  0.19/turn              c - +4 ring of protection
MPRegen  0.00/turn              l - +4 ring of protection

@: mighty, flying
A: fire resistance 2, cold vulnerability 1, float, innate caster, hp casting,
extra vitality 1
a: no special abilities


You were on level 7 of the Dungeon.
You visited 1 branch of the dungeon, and saw 7 of its levels.

You collected 275 gold pieces.

Inventory:

Hand Weapons
 b - the +5 longbow "Sulor" (weapon) {speed, Str+4}
   (You acquired it on level 1 of the Dungeon)

   Attacks with this weapon are significantly faster.
   It affects your strength (+4).
 e - a +0 dagger
 m - a +0 dagger of holy wrath
Missiles
 i - 58 arrows (quivered ammo)
Armour
 a - a +0 robe (worn)
 q - a +1 cloak (worn)
Jewellery
 c - a +4 ring of protection (left hand)
 l - a +4 ring of protection (right hand)
 w - a ring of ice
Wands
 o - a wand of flame (17)
 t - a wand of random effects (18)
Scrolls
 d - a scroll of magic mapping {unknown}
 j - 2 scrolls of teleportation
Potions
 f - a potion of invisibility {unknown}
 g - a potion of brilliance
 h - a potion of cancellation {unknown}
 k - 2 potions of mutation {unknown}
 n - a potion of flight {unknown}
 p - a potion of might
 z - a potion of haste


   Skills:
 * Level 3.8 Fighting
 * Level 6.3 Bows
 + Level 3.2 Dodging
 + Level 2.3 Stealth
 * Level 5.5 Spellcasting


You couldn't memorise any spells.
You knew the following spells:

 Your Spells              Type           Power      Damage    Failure   Level
a - Foxfire               Conj/Fire      100%       2x1d9     1%          1
b - Conjure Flame         Conj/Fire      26%        6-21      3%          3
c - Inner Flame           Hex/Fire       26%        N/A       3%          3
d - Sticky Flame          Conj/Fire      26%        2d5       12%         4
e - Fireball              Conj/Fire      13%        3d7       34%         5
f - Shock                 Conj/Air       100%       1d9       1%          1
g - Poisonous Vapours     Pois/Air       52%        N/A       1%          2
h - Ignite Poison         Fire/Tmut/Pois 26%        N/A       3%          3
Your spell library was empty.

Dungeon Overview and Level Annotations

Branches:
Dungeon (8/15)             Temple (0/1) D:5
   Lair: D:8-11

Altars:
Elyvilon
Fedhas
Gozag
Kikubaaqudgha
Okawaru
Qazlal
Xom
Zin

Shops:
D:2 (   D:3 (


Innate Abilities, Weirdness & Mutations

You are immune to poison.
Your flesh is very heat resistant. (rF++)
You are vulnerable to cold. (rC-)
You float through the air rather than walking.
You learn spells naturally, not from books.
Your magical power is your life essence.
You have superior vitality. (+4 HP)


Message History

Confirm with . or Enter, or press ? or * to list all spells.
You conjure some foxfire!
* * * LOW HITPOINT WARNING * * *
The gnoll hits you from afar with a +0 spear.
* * * LOW HITPOINT WARNING * * *
The foxfire hits the gnoll!
You kill the gnoll!
Your foxfire dissipates!
A centaur zombie comes into view.
Found 10 gold pieces.
Found a stone staircase leading up.
A wight comes into view. It is wielding a +6 battleaxe.
A wight comes into view.
It is wielding a +1 long sword of freezing.
The wight closely misses you.
There is a stone staircase leading up here.
The centaur zombie barely misses you.
The centaur zombie kicks you but does no damage.
The wight misses you. The centaur zombie closely misses you.
The centaur zombie misses you.
You fly upwards.
Found 21 arrows.
There is a stone staircase leading down here.
The wight closely misses you.
A centaur comes into view.
Found a ruby potion.
An orc wizard comes into view. It is wielding a +0 dagger.
An orc comes into view. It is wielding a +0 hand axe.
Found a scroll labelled ZESIJA DIGH.
An orc warrior comes into view.
It is wielding a +0 flail of protection.
The orc shouts!
An orc comes into view. It is wielding a +0 whip.
You see here a ruby potion.
f - a ruby potion The orc warrior shouts!
The wight hits you with a +6 battleaxe!
* * * LOW HITPOINT WARNING * * *
It was a potion of might.
You feel very mighty all of a sudden. The orc hits you but does no damage.
The wight hits you with a +6 battleaxe!
You die...

##### .#o...###
.o.....## ######
#o.......#....###
#.....(..>.....#
#..#.#####.#....#
#..o..#.#.## #..#
#@z....# ##
#......#
#...#......
##.##.##....
...#... .#..#
c........ # .#
........##. #
........# ?.


You could see an orc warrior, a wight, an orc wizard and 2 orcs.

Vanquished Creatures
  A wyvern (D:8)
  A steam dragon (D:8)
  A water moccasin (D:8)
  A sky beast (D:4)
  2 black bears
  A necrophage (D:4)
  An ogre (D:5)
  A centaur (D:5)
  A phantom (D:5)
  A kobold brigand (D:5)
  A scorpion (D:5)
  3 electric eels (D:8)
  2 jellies
  A gnoll shaman (D:8)
  Crazy Yiuf (D:3)
  An iguana (D:4)
  Terence (D:3)
  2 orc wizards (D:8)
  4 gnolls
  3 adders (D:3)
  2 adder skeletons (D:4)
  A dart slug (D:4)
  4 orcs
  2 endoplasms
  2 giant cockroaches
  6 goblins
  8 hobgoblins
  4 jackals (D:4)
  14 kobolds
  2 quokkas
  4 ball pythons
  5 bats
  A frilled lizard (D:1)
  4 rats
89 creatures vanquished.

Vanquished Creatures (others)
  A gnoll (D:8)
  165 foxfires
  23 plants (D:8)
189 creatures vanquished.

Grand Total: 278 creatures vanquished

Notes
Turn   | Place    | Note
-------+----------+-------------------------------------------
     0 | D:1      | robertstho the Djinni Fire Elementalist began the quest for
                  | the Orb.
     0 | D:1      | Reached XP level 1. HP: 15/15 MP: 0/0
   593 | D:1      | Reached XP level 2. HP: 17/21 MP: 0/0
  1079 | D:1      | Identified a scroll of acquirement
  1079 | D:1      | Acquired the +5 longbow "Sulor" {speed, Str+4}
  1192 | D:2      | Found a stormy altar of Qazlal.
  1263 | D:2      | Found Tabb's Weapon Shop.
  1569 | D:2      | Found an iron altar of Okawaru.
  1973 | D:3      | Reached XP level 3. HP: 22/26 MP: 0/0
  1973 | D:3      | Learned a level 1 spell: Shock
  2254 | D:3      | Found Temicwah's Weapon Emporium.
  2269 | D:3      | Found a shimmering altar of Xom.
  2272 | D:3      | Noticed an angel
  2286 | D:3      | Reached XP level 4. HP: 28/31 MP: 0/0
  2331 | D:3      | Found a glowing silver altar of Zin.
  2489 | D:3      | Reached skill level 1 in Fighting
  2575 | D:3      | Noticed Terence
  2581 | D:3      | Killed Terence
  2622 | D:3      | Found an opulent altar of Gozag.
  2715 | D:3      | Found a runed translucent door.
  2716 | D:3      | Noticed Crazy Yiuf
  2871 | D:3      | Killed Crazy Yiuf
  2872 | D:3      | Reached XP level 5. HP: 19/37 MP: 0/0
  2872 | D:3      | Learned a level 2 spell: Poisonous Vapours
  3045 | D:4      | Noticed a sky beast
  3054 | D:4      | Killed a sky beast
  3277 | D:4      | Reached XP level 6. HP: 45/45 MP: 0/0
  3350 | D:4      | Found a stormy altar of Qazlal.
  3350 | D:4      | Found a blossoming altar of Fedhas.
  3351 | D:4      | Found a white marble altar of Elyvilon.
  3352 | D:4      | Noticed a necrophage
  3361 | D:4      | Killed a necrophage
  3362 | D:4      | Reached skill level 1 in Bows
  3458 | D:4      | Reached skill level 5 in Spellcasting
  3764 | D:5      | Entered Level 5 of the Dungeon
  3782 | D:5      | Reached skill level 2 in Bows
  3782 | D:5      | Reached XP level 7. HP: 45/49 MP: 0/0
  3782 | D:5      | Learned a level 3 spell: Ignite Poison
  4104 | D:5      | Reached skill level 3 in Bows
  4165 | D:5      | Found a staircase to the Ecumenical Temple.
  4346 | D:5      | Reached skill level 4 in Bows
  4373 | D:5      | Reached XP level 8. HP: 19/56 MP: 0/0
  4647 | D:5      | You are sucked into a shaft and drop 3 floors!
  4879 | D:8      | Reached skill level 5 in Bows
  4984 | D:8      | Noticed a wyvern
  4996 | D:8      | Killed a wyvern
  4997 | D:8      | Reached skill level 6 in Bows
  5067 | D:7      | HP: 2/58 [wight/+6 battleaxe (15)]
  5068 | D:7      | Mangled by a wight

Illustrated notes

Levels and vault maps discovered:
D:1:      psy_arrival_conway, layout_basic
D:2:      layout_basic, okawaru_ov_weapons_minmay, serial_shops,
          nicolae_shop_behind_doors, grunt_ministairs_7,
          nicolae_qazlal_eye_of_the_storm
D:3:      layout_basic, grunt_temple_overflow_order_and_chaos_1,
          grunt_gozag_breadcrumbs, serial_shops, nicolae_shop_stone,
          uniq_terence, uniq_crazy_yiuf_cottage
D:4:      layout_cave_pools, chequers_temple_overflow_statue_of_worship,
          nrook_mini_backslash, grunt_ministairs_3
D:5:      cheibrodos_thug_alley, layout_basic, kiku_gazebo_pond_becter,
          minmay_temple_entry_large_hall
D:7:      layout_cave_pools, minivault_27, grunt_tough_drop
D:8:      layout_rooms, nicolae_vehumet_altar_sigil, serial_bayou,
          serial_bayou_pond_b, serial_bayou_pond_a, serial_bayou_shore_b,
          serial_bayou_pond_b, serial_bayou_lagoon_a, serial_bayou_pond_a,
          enter_bailey_3

Skill      XL: |  1  2  3  4  5  6  7  8 |
---------------+-------------------------+-----
Spellcasting   | 3 4 5 |  5.5
Fighting       | 1 2 3 |  3.8
Stealth        | 2 |  2.3
Bows           | 2 4 6 |  6.3
Dodging        | 3 |  3.2

Action                   |  1- 3 |  4- 6 |  7- 9 || total
-------------------------+-------+-------+-------++-------
 Fire: Longbow           |       |    42 |   109 ||   151
 Cast: Foxfire           |    68 |    25 |     1 ||    94
       Sticky Flame      |       |     1 |     4 ||     5
  Use: Scroll            |     1 |     3 |     6 ||    10
       Potion            |       |       |     2 ||     2
Armor: Robe              |     3 |    10 |    30 ||    43
Dodge: Dodged            |    11 |    16 |    52 ||    79

Table legend: (Time is in decaauts)
 A = Elapsed time spent in this place.
 B = Non-inter-level travel time spent in this place.
 C = Inter-level travel time spent in this place.
 D = Time resting spent in this place.
 E = Time spent auto-exploring this place.
 F = Levels seen in this place.
 G = Mean time per level.
                   A        B        C        D        E       F      G
               +--------+--------+--------+--------+--------+-----+--------+
         Total |   5068 |   4894 |    174 |    144 |   4043 |   7 |  724.0 |
       Dungeon |   5068 |   4894 |    174 |    144 |   4043 |   7 |  724.0 |
               +--------+--------+--------+--------+--------+-----+--------+

Top non-repeatable levels by time:
     D:3: 1164 daAuts
     D:1: 1100 daAuts
     D:2: 900 daAuts
     D:5: 884 daAuts
     D:4: 599 daAuts
     D:8: 409 daAuts
     D:7: 9 daAuts
